 Dungeon Crawl Stone Soup version 0.24-a0-471-g3302cd442e (webtiles) character file.

Game seed: 5046593767805497151

76730 Ijustatesigmund the Warrior (level 15, 0/169 HPs)
             Began as an Ogre Fighter on July 4, 2019.
             Was a High Priest of Cheibriados.
             Slain by a ten-headed hydra (3 damage)
             ... on level 6 of the Lair of Beasts.
             The game lasted 00:59:22 (21028 turns).

Ijustatesigmund the Warrior (Ogre Fighter)         Turns: 21028, Time: 00:59:23

Health: 0/169      AC:  7    Str: 36    XL:     15   Next: 54%
Magic:  4/23       EV: 17    Int: 21    God:    Cheibriados [*****.]
Gold:   1824       SH: 29    Dex: 30    Spells: 13/14 levels left

rFire    . . .     SeeInvis +   H - +0 morningstar
rCold    + + .     Gourm    .   v - +2 large shield {rC+}
rNeg     . . .     Faith    .   b - +1 troll leather armour
rPois    .         Spirit   .   (helmet restricted)
rElec    .         Reflect  +   M - +0 cloak
rCorr    .         Harm     .   (gloves unavailable)
MR       +....                  (boots unavailable)
Stlth    +++.......             o - +2 amulet of reflection
HPRegen  0.78/turn              n - +2 ring of slaying
MPRegen  0.18/turn              e - ring of see invisible

@: agile, about to teleport, very slow
A: large, unfitting armour, large bone plates 1, cold resistance 1, tough skin
1, wild magic 1
a: Bend Time, Temporal Distortion, Slouch, Step From Time, Renounce Religion


You were on level 6 of the Lair of Beasts.
You worshipped Cheibriados.
Cheibriados was extremely pleased with you.
You were not hungry.

You visited 4 branches of the dungeon, and saw 22 of its levels.
You also visited: Bailey and Ice Cave.

You collected 2123 gold pieces.
You spent 299 gold pieces at shops.

Inventory:

Hand Weapons
 a - a +2 war axe of chopping
 t - a +9 vampiric broad axe
 H - a +0 morningstar (weapon)
Missiles
 w - 2 throwing nets
 y - 22 poisoned darts
 z - 2 silver javelins
 B - 18 large rocks (quivered)
Armour
 b - a +1 troll leather armour (worn)
 c - a +5 shield
 v - a +2 large shield of cold resistance (worn)
 M - a +0 cloak (worn)
Jewellery
 e - a ring of see invisible (right hand)
 n - a +2 ring of slaying (left hand)
 o - a +2 amulet of reflection (around neck)
 A - an uncursed amulet of guardian spirit
 J - an uncursed ring of resist corrosion
 K - an uncursed ring of wizardry
Wands
 l - a wand of acid (3)
 q - a wand of flame (40)
 r - a wand of polymorph (4)
 D - a wand of iceblast (11)
 E - a wand of paralysis (8)
 G - a wand of enslavement (20)
Scrolls
 k - 3 scrolls of identify
 u - 5 scrolls of remove curse
 C - a scroll of magic mapping
Potions
 d - 2 potions of brilliance
 g - a potion of mutation
 h - 4 potions of curing
 j - 2 potions of resistance
 m - 2 potions of agility
 s - a potion of ambrosia
 x - 3 potions of lignification
 I - a potion of might
Comestibles
 f - 46 rations


   Skills:
 - Level 15.8 Fighting
 + Level 15.7 Axes
 - Level 3.5 Throwing
 - Level 5.0 Dodging
 - Level 9.2 Shields
 - Level 6.5 Summonings
 - Level 11.1 Invocations
 - Level 6.0 Evocations


You had 13 spell levels left.
You knew the following spells:

 Your Spells              Type           Power        Failure   Level  Hunger
a - Summon Butterflies    Summ           #####...     8%          1    ##.....

Your spell library contained the following spells:

 Spells                   Type           Power        Failure   Level  Hunger
 Apportation              Tloc           #.....       65%         1    ##.....
 Magic Dart               Conj           #...         65%         1    ##.....
 Shock                    Conj/Air       #...         65%         1    ##.....
 Sting                    Conj/Pois      #...         65%         1    ##.....
 Searing Ray              Conj           #.....       78%         2    ###....
 Swiftness                Chrm/Air       #.......     78%         2    ###....
 Dazzling Spray           Conj/Hex       #.....       94%         3    ####...
 Lesser Beckoning         Tloc           #.........   94%         3    ####...
 Mephitic Cloud           Conj/Pois/Air  #.......     94%         3    ####...
 Spider Form              Tmut/Pois      #.........   94%         3    ####...
 Static Discharge         Conj/Air       #.......     94%         3    ####...
 Tukima's Dance           Hex            #.......     94%         3    ####...
 Airstrike                Air            #.........   100%        4    #####..
 Force Lance              Conj/Tloc      #.......     100%        4    #####..
 Fulminant Prism          Conj/Hex       #.........   100%        4    #####..
 Ice Form                 Ice/Tmut       #.......     100%        4    #####..
 Iskenderun's Mystic Bla  Conj           #.......     100%        4    #####..
 Alistair's Intoxication  Tmut/Pois      #.......     100%        5    ######.
 Lightning Bolt           Conj/Air       #.........   100%        5    ######.
 Metabolic Englaciation   Hex/Ice        #.........   100%        5    ######.
 Silence                  Hex/Air        #.........   100%        5    ######.
 Bolt of Cold             Conj/Ice       #.........   100%        6    #######
 Freezing Cloud           Conj/Ice/Air   #.........   100%        6    #######
 Invisibility             Hex            #.......     100%        6    #######
 Ozocubu's Refrigeration  Ice            #.........   100%        6    #######
 Simulacrum               Ice/Necr       #.........   100%        6    #######


Dungeon Overview and Level Annotations

Branches:
Dungeon (13/15)            Temple (1/1) D:4            Lair (6/6) D:10
  Swamp (0/4) Lair:4       Spider (0/4) Lair:2        Slime (0/5) Lair:6
    Orc (2/2) D:10            Elf (0/3) Orc:2
 Vaults: D:13-14

Altars:
Ashenzari
Cheibriados
Dithmenos
Elyvilon
Fedhas
Gozag
Hepliaklqana
Kikubaaqudgha
Makhleb
Nemelex Xobeh
Okawaru
Qazlal
Ru
Sif Muna
Trog
Uskayaw
Vehumet
Wu Jian
Xom
Yredelemnul
Zin
The Shining One
Beogh
Jiyva

Shops:
Orc:2 }:*%*

Annotations:
D:5 1 runed translucent door, hitsuchi's ghost, novice DrTm
Lair:2 Harold
Lair:6 Josephine


Innate Abilities, Weirdness & Mutations

You are too large for most types of armour.
You have tough skin. (AC +1)
You are partially covered in large bone plates. (SH +4)
Your flesh is cold resistant. (rC+)
Your spells are a little harder to cast, but a little more powerful.


Message History

Press: ? - help, Shift-Dir - straight line, f/p - ten-headed hydra
Aim: a ten-headed hydra (lightly wounded)
You throw a large rock.
The large rock hits the ten-headed hydra!
The ten-headed hydra is lightly wounded.
You can feel time thicken for a moment.
You feel somewhat more hungry.
Cheibriados lowers the support of your attributes as your movement quickens.
You block the ten-headed hydra's attack. x2
The ten-headed hydra bites you.
* * * LOW HITPOINT WARNING * * *
You block the ten-headed hydra's attack.
The ten-headed hydra completely misses you.
The ten-headed hydra barely misses you. x3
The ten-headed hydra closely misses you.
The ten-headed hydra barely misses you.
As you read the scroll of teleportation, it crumbles to dust.
You feel strangely unstable.
You block the ten-headed hydra's attack.
The ten-headed hydra bites you.
You die...

. # #.##.##.######.###.... #
..##.....#.......# ...# .
#..##..###........
##................ .
....P..÷.#.......P .
###...÷÷†........ #
##.÷..#..##.### .
#(..÷##.##.#### .
#......#@.....P..#..
.................D..........
................(.........^.
F.....P..#.#.......(........
......##..#.#...............
....l.# ..####.......(......
§§§§.#.P. #...............
§tl§..t.. #...............
DDt§.# #.........†..P.P


You could see a ten-headed hydra.

Vanquished Creatures
  The ghost of akello96 the Warrior, an adept GrFi of Okawaru (Orc:2)
  Nessos (D:13)
  Snorg (Lair:4)
  7 hydras
  2 two-headed ogres
  4 orc high priests (Orc:2)
  19 death yaks
  Nergalle (Lair:4)
  An unseen horror (D:13)
  A necromancer (IceCv)
  Pikel (D:4)
  3 deep elf magi
  An orc knight (Orc:2)
  2 orc sorcerers (Orc:2)
  A wolf spider (Lair:2)
  2 ugly things
  3 cyclopes
  2 manticores
  2 ice statues (IceCv)
  3 black mambas
  2 torpor snails (Lair:4)
  9 spiny frogs
  A rime drake (Lair:6)
  9 komodo dragons
  4 ice devils (IceCv)
  4 trolls
  A queen bee (Lair:4)
  3 meliai (Lair:4)
  9 dream sheep
  3 bog bodies (Lair:4)
  18 blink frogs
  3 hippogriffs
  A meliai zombie (D:10)
  6 slime creatures (D:12)
  4 wyverns
  43 yaks
  3 hungry ghosts (D:10)
  Eustachio (D:6)
  4 vampire mosquitoes (D:13)
  2 wargs
  9 water moccasins
  2 acid dragons (D:12)
  10 porcupines
  An ice beast (D:11)
  32 orc warriors
  7 phantoms
  3 sky beasts
  A black bear (Lair:6)
  10 ogres
  38 wolves
  A necrophage (D:12)
  6 centaurs
  7 crocodiles
  3 big kobolds
  14 bullfrogs
  2 troll zombies (D:10)
  A water moccasin zombie (D:7)
  A scorpion (D:12)
  46 killer bees
  3 wights (D:8)
  7 electric eels
  2 draconian simulacra (IceCv)
  5 crimson imps
  A jelly (D:10)
  2 bullfrog zombies
  3 centaur zombies
  A quasit (D:9)
  5 bullfrog skeletons
  39 orc priests
  3 hounds
  3 centaur skeletons
  5 iguanas
  30 orc wizards
  5 worker ants
  2 spriggan simulacra (IceCv)
  A killer bee zombie (D:9)
  6 ogre zombies (D:10)
  2 centaur simulacra (IceCv)
  17 gnolls
  A howler monkey skeleton (D:7)
  9 adders
  2 ogre simulacra (IceCv)
  2 naga simulacra (IceCv)
  A shadow imp (D:9)
  An ooze (D:5)
  An adder zombie (D:9)
  An adder skeleton (D:8)
  3 worms
  7 dart slugs
  4 leopard geckos
  111 orcs
  A ball python (D:2)
  8 bats
  6 giant cockroaches
  17 goblins
  11 hobgoblins
  14 jackals
  3 quokkas
  8 frilled lizards
  6 goblin skeletons (D:10)
  A goblin zombie (D:10)
  A hobgoblin skeleton (D:10)
  2 hobgoblin zombies (D:10)
  17 kobolds
  3 leopard gecko skeletons
  2 orc skeletons (D:10)
  13 orc zombies (D:10)
  8 rats
  A butterfly (Lair:6)
  4 fungi
  9 plants
802 creatures vanquished.

Vanquished Creatures (others)
  A deep elf mage (D:12)
  A wizard (D:10)
  A cyclops (Orc:1)
  A human (D:13)
  8 centaurs
  An orc wizard (D:3)
  A leopard gecko (D:4)
  3 orcs
  7 fungi (Lair:6)
  11 plants
35 creatures vanquished.

Grand Total: 837 creatures vanquished

Notes
Turn   | Place    | Note
-------+----------+-------------------------------------------
     0 | D:1      | Ijustatesigmund the Ogre Fighter began the quest for the
                  | Orb.
     0 | D:1      | Reached XP level 1. HP: 24/24 MP: 1/1
    67 | D:1      | Reached XP level 2. HP: 17/32 MP: 2/2
   658 | D:1      | Reached XP level 3. HP: 37/39 MP: 3/3
  1447 | D:2      | Reached XP level 4. HP: 47/48 MP: 4/4
  2551 | D:3      | Reached XP level 5. HP: 55/55 MP: 5/5
  2739 | D:3      | Reached skill level 5 in Fighting
  3373 | D:3      | Reached skill level 5 in Axes
  3853 | D:4      | Found a shattered altar of Ashenzari.
  3876 | D:4      | Reached XP level 6. HP: 59/66 MP: 6/6
  3928 | D:4      | Found a radiant altar of Vehumet.
  4332 | D:4      | Noticed a phantom
  4381 | D:4      | Killed a phantom
  4381 | D:4      | Reached XP level 7. HP: 44/76 MP: 7/7
  4550 | D:4      | Noticed Pikel
  4574 | D:4      | Killed Pikel
  4574 | D:4      | Reached XP level 8. HP: 51/87 MP: 8/8
  4825 | D:4      | Found a staircase to the Ecumenical Temple.
  4830 | Temple   | Entered the Ecumenical Temple
  5096 | D:5      | Entered Level 5 of the Dungeon
  5096 | D:5      | Noticed hitsuchi's ghost (novice DrTm)
  5097 | D:5      | Found a runed translucent door.
  5141 | D:5      | Found an opulent altar of Gozag.
  6516 | D:6      | Noticed Eustachio
  6528 | D:6      | Killed Eustachio
  6962 | D:7      | Gained mutation: You evolve. [potion of mutation]
  6962 | D:7      | Gained mutation: Your spells are a little harder to cast,
                  | but a little more powerful. [potion of mutation]
  6974 | D:7      | Reached XP level 9. HP: 97/97 MP: 9/9
  7026 | D:7      | Reached skill level 5 in Dodging
  7026 | D:7      | Reached skill level 5 in Shields
  7509 | D:7      | Reached skill level 1 in Throwing
  7701 | D:7      | Found an ancient bone altar of Kikubaaqudgha.
  8178 | D:7      | Found a shadowy altar of Dithmenos.
  8524 | D:8      | Gained mutation: You are partially covered in large bone
                  | plates. (SH +4) [evolution]
  8544 | D:8      | Noticed a cyclops
  8564 | D:8      | Killed a cyclops
  8564 | D:8      | Reached skill level 10 in Fighting
  8734 | D:8      | Found a snail-covered altar of Cheibriados.
  8752 | D:8      | Became a worshipper of Cheibriados the Contemplative
  9056 | D:8      | Reached skill level 1 in Invocations
  9209 | D:8      | Reached XP level 10. HP: 107/111 MP: 11/11
  9841 | D:8      | Gained mutation: Your flesh is cold resistant. (rC+)
                  | [evolution]
  9841 | D:8      | Lost mutation: You evolve. [end of evolution]
 10015 | D:9      | Reached * piety under Cheibriados
 10500 | D:9      | Reached skill level 5 in Invocations
 10704 | D:9      | Reached ** piety under Cheibriados
 10718 | D:10     | Entered Level 10 of the Dungeon
 10757 | D:10     | Found a staircase to the Lair.
 10838 | D:10     | Found a staircase to the Orcish Mines.
 10909 | D:10     | Reached skill level 10 in Axes
 10948 | D:10     | Reached *** piety under Cheibriados
 10948 | D:10     | Reached XP level 11. HP: 122/123 MP: 15/15
 11039 | D:10     | Identified a scroll of acquirement
 11185 | D:10     | Found a bloodstained altar of Trog.
 11186 | D:10     | Noticed a wizard
 11190 | D:10     | Killed a wizard
 11511 | D:11     | Found a flagged portal.
 11522 | Bailey   | Entered a bailey
 11663 | Bailey   | Reached **** piety under Cheibriados
 12335 | D:11     | Noticed a cyclops
 12341 | D:11     | Killed a cyclops
 12567 | D:11     | Reached ***** piety under Cheibriados
 13933 | D:12     | Noticed a manticore
 13939 | D:12     | Killed a manticore
 14031 | D:12     | Noticed a deep elf mage
 14031 | D:12     | Noticed a deep elf mage
 14036 | D:12     | Killed a deep elf mage
 14036 | D:12     | Reached XP level 12. HP: 113/136 MP: 18/18
 14581 | D:13     | Noticed Nessos
 14582 | D:13     | Killed Nessos
 14641 | D:13     | Reached skill level 1 in Evocations
 15044 | D:13     | Noticed a five-headed hydra
 15049 | D:13     | Noticed a centaur warrior
 15135 | Orc:1    | Entered Level 1 of the Orcish Mines
 15135 | Orc:1    | Found a roughly hewn altar of Beogh.
 15145 | Orc:1    | Reached ****** piety under Cheibriados
 15345 | Orc:1    | Reached skill level 5 in Evocations
 15562 | Orc:1    | Noticed a two-headed ogre
 15574 | Orc:1    | Killed a two-headed ogre
 15574 | Orc:1    | Reached XP level 13. HP: 146/146 MP: 19/19
 15714 | Orc:2    | Entered Level 2 of the Orcish Mines
 15714 | Orc:2    | Found a staircase to the Elven Halls.
 15801 | Orc:2    | Paralysed by an orc sorcerer for 4 turns
 15861 | Orc:2    | Found Pax Gide's Assorted Antiques.
 15869 | Orc:2    | Bought a large coral ring for 125 gold pieces
 15869 | Orc:2    | Bought a tubular bone ring for 125 gold pieces
 15869 | Orc:2    | Bought a metallic golden potion for 22 gold pieces
 16277 | Orc:2    | Noticed akello96's ghost (adept GrFi)
 16326 | Orc:2    | Found Xiuxtarch's Assorted Antiques.
 16326 | Orc:2    | Found Dyetoj's Food Shop.
 16327 | Orc:2    | Found Pocenn Qyrho's Book Boutique.
 16330 | Orc:2    | Found Wumuahil's Gadget Boutique.
 16333 | Orc:2    | Bought a scroll labeled JIYNNYALUPT for 27 gold pieces
 16436 | Orc:2    | Found a runed translucent gate.
 16437 | Orc:2    | Found a runed translucent gate.
 16439 | Orc:2    | Found a runed translucent gate.
 16464 | Orc:2    | Killed akello96's ghost
 16464 | Orc:2    | Reached skill level 10 in Invocations
 16475 | Orc:2    | Identified the Grimoire of Flight and Poisoning
 16609 | Lair:1   | Entered Level 1 of the Lair of Beasts
 16929 | Lair:1   | Reached skill level 15 in Fighting
 17699 | Lair:2   | Found a hole to the Spider Nest.
 17712 | Lair:2   | Noticed Harold
 17740 | Lair:3   | Found the +3 pair of gauntlets of War {Slay+5}
 17743 | Lair:3   | Found a frozen archway.
 17749 | IceCv    | Entered an ice cave
 17874 | IceCv    | Reached XP level 14. HP: 157/159 MP: 22/22
 18274 | Lair:3   | Learned a level 1 spell: Summon Butterflies
 18424 | Lair:3   | Reached skill level 1 in Summonings
 19033 | Lair:4   | Noticed Nergalle
 19048 | Lair:4   | Killed Nergalle
 19228 | Lair:4   | Noticed Snorg
 19249 | Lair:4   | Reached skill level 5 in Summonings
 19268 | Lair:4   | Killed Snorg
 19551 | Lair:4   | Reached XP level 15. HP: 154/169 MP: 23/23
 19863 | Lair:4   | Found a staircase to the Swamp.
 20577 | Lair:6   | Entered Level 6 of the Lair of Beasts
 20702 | Lair:6   | Noticed Josephine
 20708 | Lair:6   | Reached skill level 15 in Axes
 20793 | Lair:6   | Found a viscous altar of Jiyva.
 20793 | Lair:6   | Found a staircase to the Slime Pits.
 21022 | Lair:6   | HP: 3/169 [ten-headed hydra (15)]
 21027 | Lair:6   | HP: 2/169 [ten-headed hydra (6)]
 21028 | Lair:6   | Slain by a ten-headed hydra

Levels and vault maps discovered:
D:1:      onia_arrival_mini_maze_b, layout_basic, serial_bayou_pond_a,
          minmay_indecisive_spiral
D:2:      kennysheep_the_goblin_king, layout_loops_ring
D:3:      layout_basic
D:4:      layout_basic, overflow_temple_1_default,
          minmay_temple_entry_statues_pillars, first_ration, grunt_decor_cap,
          grunt_ministairs_9, vehumet_altar_wand_db, uniq_pikel
D:5:      layout_basic, nicolae_gozag_cash_rules_everything_around_me,
          hellmonk_ghost_happy_afterlife
D:6:      layout_rooms, hangedman_abyss_or_decor_slice, uniq_eustachio
D:7:      layout_gridville, nicolae_overflow_hidden_temple,
          nicolae_dithmenos_through_a_glass_darkly, grunt_ogre_cave,
          kennysheep_potato
D:8:      layout_rooms, cheibrodos_worm_habitat, chequers_serial_rivers_micro_e,
          st_stairs_14
D:9:      layout_big_octagon, kennysheep_small_square
D:10:     layout_roguey, dpeg_oklobed_lair, zombieorc2_lemuel, trog_wizard
D:11:     layout_loops_ring, lightli_bailey_entry_fortress
D:12:     layout_cave_pods, serial_bayou_ford_a, billiards_dpeg
D:13:     minmay_triangles_in_corner, layout_rooms, ximxim_vaults_locker_room,
          nicolae_trove_entry_path_of_doom, pf_eden, uniq_nessos
Temple:   kb_temple_of_zot
Lair:1:   layout_cave_pods, grunt_megastairs_3
Lair:2:   layout_loops_ring, spider_nest_entry_rubble,
          grunt_forest_large_clearings, grunt_megastairs_4, uniq_harold,
          uniq_fannar, uniq_gastronok
Lair:3:   layout_regular_city, portal_ice_cave_entry_pillars_1,
          nicolae_quartered_pool_super, beast_lair_carwin_6,
          infiniplex_staircase_pool_2
Lair:4:   layout_misc_corridors, nicolae_swamp_entry_splash_gauntlet,
          special_room [special_room_bee], lemuel_fruit_fields, uniq_nergalle,
          uniq_snorg
Lair:5:   layout_regular_city
Lair:6:   grunt_lair_end_beastmaster, layout_regular_city,
          dpeg_slime_entry_enclosed_altar, serial_bayou_shore_b,
          grunt_megastairs_1, lemuel_fruit_fields, serial_bayou_shore_a,
          infiniplex_staircase_pool, lemuel_fruit_tree, uniq_josephine
Orc:1:    layout_caves, basic_altar
Orc:2:    st_orc_mages, layout_caves, serial_shops, nicolae_shop_crystal,
          gammafunk_ghost_split

Skill      XL: |  1  2  3  4  5  6  7  8  9 10 11 12 13 14 15 |
---------------+----------------------------------------------+-----
Axes           | 3 4 5 6 7 8 10 11 12 14 15 | 15.7
Fighting       | 5 6 7 8 10 12 13 14 15 | 15.8
Shields        | 3 4 5 6 7 8 9 |  9.2
Dodging        | 3 4 5 |  5.0
Throwing       | 3 |  3.5
Invocations    | 2 5 8 9 10 11 | 11.1
Evocations     | 6 |  6.0
Summonings     | 6 |  6.5

Action                   |  1- 3 |  4- 6 |  7- 9 | 10-12 | 13-15 || total
-------------------------+-------+-------+-------+-------+-------++-------
Melee: War axe           |   101 |   219 |   280 |   270 |       ||   870
       Broad axe         |       |       |       |   400 |   575 ||   975
       Morningstar       |       |       |       |       |    24 ||    24
Throw: Large rock        |       |     2 |     7 |    13 |     6 ||    28
       Dart              |       |       |       |    27 |     4 ||    31
Invok: Slouch            |       |       |       |     3 |     9 ||    12
       Bend Time         |       |       |       |       |     2 ||     2
       Step From Time    |       |       |       |       |     1 ||     1
Evoke: Wand              |       |       |       |    15 |     8 ||    23
  Use: Scroll            |     2 |     7 |    14 |    15 |    20 ||    58
       Potion            |       |       |     7 |     8 |     7 ||    22
 Stab: Sleeping          |     1 |       |     1 |       |     6 ||     8
       Invisible         |       |       |       |     3 |       ||     3
       Distracted        |       |       |       |     1 |       ||     1
  Eat: Chunk             |     2 |     9 |     9 |     6 |    11 ||    37
       Ration            |       |       |     2 |     3 |     1 ||     6
Armor: Robe              |    17 |    40 |    24 |    37 |       ||   118
       Troll leather arm |       |       |       |    14 |    46 ||    60
Dodge: Dodged            |    29 |    58 |    80 |   197 |   183 ||   547
Block: Shield            |    34 |   120 |   238 |   441 |       ||   833
       Reflection        |       |     6 |    13 |    63 |    12 ||    94
       Large shield      |       |       |       |   501 |   849 ||  1350

Table legend:
 A = Non-vault XP
 B = Vault XP
 C = Vault XP percentage of total XP
 D = Non-vault monster count
 E = Vault monster count
 F = Vault count percentage of total count
                 A         B        C        D         E       F
            +---------+---------+-------+---------+---------+-------
      Total |   79658 |   29957 |  27.3 |     566 |     236 |  29.4
            +---------+---------+-------+---------+---------+-------
        D:1 |      57 |       9 |  13.6 |      30 |       4 |  11.8
        D:2 |      80 |      13 |  14.0 |      26 |       7 |  21.2
        D:3 |     164 |      41 |  20.0 |      25 |       3 |  10.7
        D:4 |     278 |     704 |  71.7 |      18 |       4 |  18.2
        D:5 |     515 |       0 |   0.0 |      26 |       0 |   0.0
        D:6 |     280 |     191 |  40.6 |      10 |       1 |   9.1
        D:7 |     953 |     147 |  13.4 |      15 |       3 |  16.7
        D:8 |    1233 |     135 |   9.9 |      17 |       3 |  15.0
        D:9 |    3406 |     196 |   5.4 |      37 |       3 |   7.5
       D:10 |    2600 |     765 |  22.7 |      27 |      36 |  57.1
       D:11 |    2425 |      62 |   2.5 |      28 |      12 |  30.0
       D:12 |    5331 |    1638 |  23.5 |      36 |       3 |   7.7
       D:13 |    3950 |    2827 |  41.7 |      32 |       5 |  13.5
     Lair:1 |    2070 |     291 |  12.3 |       5 |       3 |  37.5
     Lair:2 |    1627 |    3706 |  69.5 |       7 |      28 |  80.0
     Lair:3 |    9162 |     699 |   7.1 |      26 |       6 |  18.8
     Lair:4 |   18195 |    5260 |  22.4 |      52 |      31 |  37.3
     Lair:5 |    5312 |       0 |   0.0 |      15 |       0 |   0.0
     Lair:6 |   13354 |    2258 |  14.5 |      37 |      12 |  24.5
      Orc:1 |    4881 |     177 |   3.5 |      62 |       3 |   4.6
      Orc:2 |    3785 |    7524 |  66.5 |      35 |      38 |  52.1
     Bailey |       0 |     172 | 100.0 |       0 |      14 | 100.0
      IceCv |       0 |    3142 | 100.0 |       0 |      17 | 100.0
            +---------+---------+-------+---------+---------+-------
